General information
- name: BNet
- type: Ladder 1vs1/FFA
- host: Battle.net
- saver: WishfulThinking
map: TidewaterGlades
- players: 2
- length: 13:52
- speed: Fast
- version: 1.24 W3XP
- replay type: Public
» download(68 KB)
Players
team 1 (loser)
C82l2 (
green | 182 APM | 2518 actions | 13:51)
2 Death Knight
1 Death Coil
1 Unholy Aura
2 Lich
1 Frost Nova
1 Dark Ritual
» actions
| Assign group hotkey | 54 | |
| Basic commands | 108 | |
| Build / train | 43 | |
| Enter build submenu | 10 | |
| Enter hero's abilities submenu | 4 | |
| Right click | 1117 | |
| Select / deselect | 348 | |
| Select group hotkey | 757 | |
| Use ability | 77 | |
2518 total
» units
| Acolyte | 3 | |
| Ghoul | 10 | |
| Crypt Fiend | 3 | |
| Meatwagon | 1 | |
| Obsidian Statue | 1 | |
18 total
» upgrades
» buildings
| Ziggurat | 4 | |
| Altar of Darkness | 1 | |
| Crypt | 1 | |
| Tomb of Relics | 1 | |
| Halls of the Dead | 2 | |
| Nerubian Tower | 1 | |
| Graveyard | 1 | |
| Black Citadel | 1 | |
| Slaughterhouse | 1 | |
13 total
» build order
00:07 Ziggurat
00:12 Altar of Darkness
00:14 Crypt
01:00 Tomb of Relics
01:49 Ziggurat
03:48 Halls of the Dead
03:48 Halls of the Dead
04:24 Nerubian Tower
06:04 Graveyard
06:11 Ziggurat
07:24 Black Citadel
08:00 Slaughterhouse
08:48 Ziggurat
» items
| Rod of Necromancy | 3 | |
| Dust of Appearance | 2 | |
| Potion of Healing | 2 | |
| Orb of Corruption | 1 | |
8 total
team 2 (winner)
WishfulThinking (
teal | 197 APM | 2735 actions | 13:52)
3 Warden
2 Shadow Strike
1 Blink
3 Pandaren Brewmaster
2 Breath of Fire
1 Drunken Haze
» actions
| Assign group hotkey | 19 | |
| Basic commands | 60 | |
| Build / train | 55 | |
| Enter build submenu | 13 | |
| Enter hero's abilities submenu | 6 | |
| Give item / drop item | 1 | |
| Right click | 1252 | |
| Select / deselect | 182 | |
| Select group hotkey | 1068 | |
| Use ability | 79 | |
2735 total
» units
| Wisp | 15 | |
| Archer | 5 | |
| Dryad | 3 | |
| Druid of the Claw | 3 | |
26 total
» upgrades
| Abolish Magic | 1 | |
| Druid of the Claw Training | 2 | |
| Ultravision | 1 | |
| Well Spring | 1 | |
5 total
» buildings
| Altar of Elders | 1 | |
| Moon Well | 5 | |
| Ancient of War | 1 | |
| Tree of Ages | 3 | |
| Hunter's Hall | 1 | |
| Ancient of Lore | 2 | |
| Ancient of Wonders | 1 | |
| Ancient Protector | 1 | |
| Tree of Eternity | 1 | |
| Tree of Life | 1 | |
17 total
» build order
00:06 Altar of Elders
00:18 Moon Well
00:44 Ancient of War
01:39 Moon Well
02:54 Moon Well
03:22 Tree of Ages
03:22 Tree of Ages
03:22 Tree of Ages
03:57 Hunter's Hall
05:49 Ancient of Lore
05:51 Ancient of Lore
05:57 Ancient of Wonders
06:01 Ancient Protector
07:39 Moon Well
07:40 Moon Well
09:32 Tree of Eternity
12:19 Tree of Life
» items
| Dust of Appearance | 1 | |
| Boots of Speed | 1 | |
| Staff of Preservation | 1 | |
| Potion of Healing | 1 | |
| Lesser Clarity Potion | 1 | |
| Orb of Venom | 1 | |
6 total
Chat log
(00:09 / All) WishfulThinking: gl hf
(00:16 / All) C82l2: gl hf